cohdb
Replays
Latest Replays
All Replays
Popular Replays
Top Player Replays
Match Explorer
How It Works
Community
CoH3 Stats
Reddit
Sign in to upload your games and track your stats! →
Sign in with Steam
Match 43689002
Unlisted
Match 43689002
Overview
Messages
Build Orders
End
Kettenkrad Recon Vehicle
Construct Infanterie Kompanie
Selects Terror Battlegroup
Selects Machine Gun Camouflage
MG 42 Machine Gun Team
GrW 34 Mortar Team
MG 42 Bunker
Construct Luftwaffe Kompanie
221 Scout Car
Support Elements
Jäger Squad
Wirbelwind Flakpanzer
Pioneer Squad
Construct Panzergrenadier Kompanie
Selects Contempt for the Weak
Side Skirts
MG 42 Bunker
251 Medium Carrier
Nebelwerfer 42 Rocket Launcher Team
StuG III G Assault Gun
Guderian ITA
Fajolada
Marchino
TheGreatMufasa
RogueYeti
mkeefer29
0
0
Comments
sign in to comment!
No comments posted yet!